Map: [ESL] Oceanborn

Players

Reaper - Winner!

  • Race: Zerg Zerg
  • Spawn Location: 5:00

Lambo

  • Race: Zerg Zerg
  • Spawn Location: 11:00

Event: ESL SC2 Masters 2023 Winter (Finals)

VOD

Have the link to the VOD?

Description

Time

  • Played on: Dec. 15, 2023, 10:15 a.m.
  • Length: 13:00

All games in this series

Show
View Real Time Build Order
Export as new Build Order

Reaper Zerg - Winner!

Build Orders: 1 Base Baneling Bust, Pool First 

Get SALT Encoding   

  12  0:00  Drone  
  13  0:14  Extractor  
  12  0:23  Spawning Pool  
  11  0:28  Drone  
  11  0:33  Drone  
  13  0:37  Drone  
  14  0:49  Overlord  
  14  1:10  Zergling x4  
  16  1:12  Zergling x2  
  16  1:14  Metabolic Boost  
  17  1:22  Zergling x2  
  18  1:34  Zergling x2, Baneling Nest  
  18  1:45  Zergling x2  
  19  1:48  Queen  
  21  1:58  Overlord  
  21  2:07  Zergling x2  
  22  2:17  Zergling x2  
  22  2:18  Baneling x2  
  23  2:29  Zergling x2  
  24  2:32  Baneling  
  23  2:49  Drone x2  
  24  3:01  Drone x3  
  26  3:16  Drone x2  
  27  3:20  Hatchery  
  26  3:32  Drone  
  26  3:34  Roach Warren  
  25  3:51  Overlord x2  
  25  4:18  Roach  
  25  4:19  Roach x5  
  37  4:31  Roach  
  39  4:33  Roach  
  41  4:41  Overlord  
  41  4:46  Zergling x2  
  41  5:00  Zergling x8  
  45  5:07  Zergling x8  
  45  5:09  Baneling x6  
  49  5:18  Zergling x4  
  49  5:20  Baneling  
  51  5:22  Baneling  
  44  5:56  Zergling x2  
  44  5:57  Zergling x16  
  46  6:12  Zergling x4  
  46  6:14  Queen  
  49  6:20  Zergling x4  
  49  6:22  Ravager x2  
  53  6:34  Zergling x4  
  53  6:35  Overlord, Ravager  
  53  6:38  Zergling x4  
  58  6:42  Zergling x4  
  60  6:52  Overlord  
  60  6:59  Overlord  
  53  7:08  Zergling x2  
  53  7:09  Zergling x2  
  53  7:14  Zergling x6  
  53  7:15  Ravager  
  55  7:21  Roach  
  54  7:25  Zergling x4  
  51  7:35  Zergling x8  
  51  7:36  Ravager  
  52  7:38  Zergling x2  
  47  7:45  Zergling x2  
  47  7:48  Roach  
  47  7:50  Roach  
  49  7:53  Roach  
  49  7:54  Zergling x2  
  50  8:01  Zergling x2  
  50  8:02  Zergling x2  
  50  8:03  Zergling x2  
  49  8:16  Zergling x6  
  49  8:18  Zergling x2  
  49  8:19  Zergling x2  
  48  8:26  Zergling x4  
  43  8:31  Zergling x2  
  44  8:34  Zergling x2  
  44  8:37  Zergling x2, Ravager  
  44  8:39  Ravager  
  48  8:42  Zergling x2  
  48  8:46  Zergling x2  
  50  8:50  Zergling x2  
  50  8:51  Zergling x2  
  52  8:58  Zergling x2  
  52  8:59  Zergling x2  
  52  9:02  Zergling x2  
  55  9:05  Zergling x2  
  42  9:25  Zergling x4  
  42  9:27  Zergling x2  
  38  9:36  Zergling x2  
  37  9:41  Zergling x2  
  37  9:43  Zergling x10  
  39  9:48  Zergling x2  
  39  9:54  Zergling x2  
  38  10:02  Roach  
  38  10:06  Roach  
  42  10:08  Zergling x2  
  43  10:16  Roach  
  43  10:19  Zergling x2  
  42  10:28  Roach x2  
  42  10:29  Roach  
  42  10:30  Zergling x2  
  42  10:31  Ravager  
  42  10:32  Ravager  
  51  10:36  Zergling x2  
  51  10:42  Zergling x2  
  52  10:43  Zergling x2  
  52  10:47  Zergling x2  
  54  10:52  Zergling x2  
  54  10:54  Zergling x2  
  56  10:58  Ravager  
  56  11:02  Zergling x2  
  58  11:05  Zergling x2  
  58  11:07  Zergling x2  
  60  11:14  Zergling x4  
  60  11:16  Zergling x2  
  63  11:25  Zergling x4  
  65  11:32  Zergling x6  
  68  11:44  Ravager  
  50  11:56  Zergling x12  
  48  12:05  Zergling x6  
  48  12:08  Roach  
  53  12:17  Ravager  
  53  12:18  Ravager  
  53  12:19  Roach  
  53  12:20  Zergling x2  
  58  12:29  Zergling x4  
  60  12:42  Ravager  
Show
View Real Time Build Order
Export as new Build Order

Lambo Zerg 

Build Orders: Hatch First 

Get SALT Encoding   

  12  0:00  Drone  
  13  0:08  Drone  
  14  0:14  Extractor  
  14  0:15  Drone  
  15  0:36  Hatchery  
  15  0:40  Extractor, Drone  
  15  0:48  Overlord  
  15  1:02  Spawning Pool  
  14  1:06  Drone  
  14  1:09  Drone  
  16  1:13  Drone  
  16  1:17  Drone  
  18  1:27  Extractor  
  18  1:28  Drone  
  18  1:38  Drone  
  19  1:48  Drone  
  19  1:50  Drone, Queen x2  
  25  2:01  Spine Crawler  
  25  2:02  Zergling x2  
  25  2:05  Zergling x2  
  26  2:13  Zergling x4  
  28  2:17  Baneling Nest  
  28  2:21  Zergling x2  
  27  2:29  Zergling x2  
  28  2:42  Zergling x6  
  28  2:55  Overlord  
  28  2:56  Overlord  
  28  3:02  Baneling x2  
  25  3:29  Hatchery  
  25  3:32  Zergling x4  
  25  3:34  Drone, Baneling  
  26  3:39  Queen  
  29  3:43  Drone  
  29  3:54  Drone  
  30  4:12  Drone  
  30  4:14  Drone x3  
  34  4:18  Lair, Overlord  
  34  4:19  Extractor  
  33  4:30  Drone  
  34  4:34  Evolution Chamber  
  33  4:39  Drone  
  33  4:42  Drone x4  
  38  4:53  Roach Warren  
  38  4:54  Drone  
  38  4:57  Drone  
  39  5:05  Overlord  
  39  5:06  Drone  
  40  5:15  Spine Crawler  
  40  5:21  Spine Crawler  
  37  5:26  Baneling x3  
  37  5:30  Zerg Missile Weapons Level 1  
  43  5:35  Roach x3  
  43  5:39  Roach x2  
  48  5:46  Roach  
  48  5:47  Roach  
  48  5:52  Zergling x4  
  47  5:57  Roach  
  47  6:03  Glial Reconstitution  
  49  6:08  Roach  
  51  6:24  Hatchery  
  50  6:28  Roach  
  52  6:33  Roach  
  52  6:37  Overlord  
  54  6:43  Overseer  
  54  6:46  Overlord  
  54  6:51  Overlord  
  54  6:55  Roach  
  56  7:06  Roach  
  56  7:07  Roach  
  53  7:10  Roach  
  53  7:13  Roach  
  53  7:14  Ravager  
  51  7:16  Ravager  
  52  7:28  Roach x2  
  45  7:36  Roach  
  32  7:45  Roach  
  34  7:56  Roach  
  34  8:02  Roach  
  33  8:13  Roach  
  33  8:19  Roach  
  33  8:27  Roach  
  30  8:36  Drone x2  
  32  8:44  Roach  
  32  8:47  Ravager  
  35  8:53  Roach  
  37  9:00  Roach  
  39  9:06  Roach  
  41  9:19  Roach x2  
  43  9:26  Roach  
  35  9:32  Roach  
  28  9:41  Roach  
  23  9:52  Roach  
  23  10:01  Roach  
  23  10:06  Ravager  
  26  10:16  Roach  
  28  10:25  Roach  
  30  10:32  Roach  
  32  10:40  Roach  
  34  10:44  Drone  
  35  10:51  Roach  
  37  10:59  Roach  
  39  11:06  Roach  
  41  11:13  Roach  
  43  11:20  Roach  
  45  11:26  Roach  
  47  11:37  Roach  
  49  11:43  Roach  
  51  11:51  Roach  
  33  12:03  Roach  
  33  12:14  Ravager  
  34  12:16  Drone  
  34  12:19  Roach  
  37  12:27  Roach  
  39  12:35  Roach  
Tags
 
Add a new tag
Caveats
  • Supply blocks, unpowered buildings, or Contaminate may cause inaccurate times.
  • Supply counts are checked every 10 seconds.